 Dungeon Sprint DCSS version 0.28-a0-1236-gb25a51b929 (webtiles) character file.

Game seed: 17622248367888890465

361 rocky1 the Spear-Bearer (level 6, -10/53 HPs)
             Began as a Merfolk Fighter on Dec 26, 2021.
             Was an Initiate of Okawaru.
             Killed from afar by a deep elf pyromancer (39 damage)
             ... with a bolt of fire
             ... in the Dungeon (Sprint III: "The Ten Rune Challenge").
             The game lasted 00:03:03 (692 turns).

rocky1 the Spear-Bearer (Merfolk Fighter)            Turns: 692, Time: 00:03:04

Health: -10/53     AC:  7    Str: 19    XL:     6   Next: 66%
Magic:  6/6        EV: 12    Int:  7    God:    Okawaru [......]
Gold:   10         SH:  6    Dex: 13    Spells: 5/5 levels left

rFire   . . .      SeeInvis .   a - +0 trident
rCold   . . .      Faith    .   c - +0 buckler
rNeg    . . .      Spirit   .   b - +0 scale mail
rPois   .          Reflect  .   (no helmet)
rElec   .          Harm     .   (no cloak)
rCorr   .          Rampage  .   (no gloves)
Will    .....      NoTele   +   (no boots)
Stlth   ..........              (no amulet)
HPRegen 0.17/turn               (no ring)
MPRegen 0.10/turn               (no ring)

@: no status effects
A: (nimble swimmer 2), mertail
a: Renounce Religion


You were in the Dungeon.
You worshipped Okawaru.
Okawaru was noncommittal.
You visited 1 branch You collected 10 gold pieces.

Inventory:

Hand Weapons
 a - a +0 trident (weapon)
Armour
 b - a +0 scale mail (worn)
 c - a +0 buckler (worn)
Scrolls
 j - a scroll of blinking
 l - a scroll of immolation {unknown}
 m - 3 scrolls of identify
 o - a scroll of holy word {unknown}
Potions
 d - 3 potions of mutation {unknown}
 e - a potion of curing
 f - 2 potions of heal wounds
 h - 2 potions of magic
 k - a potion of attraction {unknown}
 n - 5 potions of flight


   Skills:
 + Level 6.9 Fighting
 + Level 10.2 Polearms
 + Level 4.7 Armour
 + Level 7.1 Dodging
 + Level 7.5 Shields
 + Level 0.0 Invocations


You had 5 spell levels left.
You didn't know any spells.
Your spell library was empty.

Dungeon Overview and Level Annotations

Branches:
Dungeon (1/1)

Altars:
Elyvilon
Okawaru
Trog
Uskayaw
Wu Jian
Zin
The Shining One
Beogh


Innate Abilities, Weirdness & Mutations

((You are very nimble when in or above water. (Stealth+, EV+, Speed+++)))
Your lower body shifts to a powerful aquatic tail in water.


Message History

You completely miss the deep elf pyromancer.
The deep elf pyromancer is heavily wounded.
You are covered in liquid flames!
The deep elf pyromancer casts a spell.
The deep elf pyromancer blinks!
You are covered in liquid flames!
The deep elf pyromancer mumbles some strange words.
The deep elf pyromancer blinks!
You aren't carrying any items that you can evoke.
You close the door.
f - 2 potions of heal wounds You start resting.
A deep elf pyromancer opens the door.
It is wielding a +1 long sword of holy wrath.
Reach: a) +0 trident
Press: ? - help, Dir - move target, f - deep elf pyromancer
Aim: a deep elf pyromancer, wielding a +1 long sword of holy wrath (wandering, hasn't noticed you, about 44% to evade your +0 trident)
You reach to attack!
You closely miss the deep elf pyromancer.
Reach: a) +0 trident
Press: ? - help, Dir - move target, f/p - deep elf pyromancer
Aim: a deep elf pyromancer, wielding a +1 long sword of holy wrath (about 44% to evade your +0 trident)
Okay, then.
You hit the deep elf pyromancer.
The deep elf pyromancer is lightly wounded.
The deep elf pyromancer hits you with a +1 long sword of holy wrath.
You barely miss the deep elf pyromancer.
The deep elf pyromancer is lightly wounded.
The deep elf pyromancer mumbles some strange words.
The deep elf pyromancer blinks!
There is an open door here.
You closely miss the deep elf pyromancer.
The deep elf pyromancer is lightly wounded.
You hit the deep elf pyromancer.
The deep elf pyromancer is lightly wounded.
The deep elf pyromancer mumbles some strange words.
The deep elf pyromancer blinks!
The deep elf pyromancer points at you and mumbles some strange words.
The bolt of fire hits you!!!
Ouch! That really hurt!
You die...

▓▓▓▓▓▓▓ ▓▓▓ ..'...♣♣♣♣
♣.######### ..#......♣
♣.#___#___# ###....♣.♣
♣.#...#__)#
..#....≈.♣♣♣♣.###'#'###+##
..#...≈≈.♣♣...#.@........#
.)#..≈≈≈≈♣♣e..'.⌠........#
#†#..≈≈≈≈≈≈...#...######'#
..#.≈≈≈≈≈≈....#.⌠.#
..#.≈≈≈≈≈.....#...#
..#.≈≈≈.......#+###
###...........#
..............#
▓▓▓▓▓▓▓▓▓▓▓▓▓▓▓


You could see a deep elf pyromancer.

Vanquished Creatures
  A water elemental (D)
  3 humans (D)
  A phantom (D)
  4 rats (D)
9 creatures vanquished.

Notes
Turn   | Place    | Note
-------+----------+-------------------------------------------
     0 | D        | rocky1 the Merfolk Fighter began the quest for the Orb.
     0 | D        | Reached XP level 1. HP: 18/18 MP: 1/1
    20 | D        | Reached skill level 4 in Polearms
    52 | D        | Reached skill level 6 in Polearms
    52 | D        | Reached XP level 2. HP: 14/24 MP: 2/2
    53 | D        | Reached XP level 3. HP: 18/29 MP: 3/3
   210 | D        | Noticed a water elemental
   217 | D        | Killed a water elemental
   218 | D        | Reached skill level 7 in Polearms
   218 | D        | Reached skill level 5 in Shields
   218 | D        | Reached XP level 4. HP: 38/38 MP: 4/4
   377 | D        | Found a hide-covered altar of Uskayaw.
   377 | D        | Found an iron altar of Okawaru.
   377 | D        | Found a bloodstained altar of Trog.
   377 | D        | Found an ornate altar of the Wu Jian Council.
   377 | D        | Noticed a human
   377 | D        | Noticed a human
   415 | D        | Killed a human
   416 | D        | Reached skill level 9 in Polearms
   416 | D        | Reached skill level 5 in Dodging
   416 | D        | Reached XP level 5. HP: 34/46 MP: 5/5
   431 | D        | Killed a human
   432 | D        | Reached skill level 10 in Polearms
   432 | D        | Reached XP level 6. HP: 28/53 MP: 6/6
   597 | D        | Became a worshipper of Warmaster Okawaru
   603 | D        | Found a glowing silver altar of Zin.
   603 | D        | Found a glowing golden altar of the Shining One.
   603 | D        | Found a white marble altar of Elyvilon.
   604 | D        | Noticed a deep elf pyromancer
   692 | D        | Killed from afar by a deep elf pyromancer

Illustrated notes

Levels and vault maps discovered:
D:        dungeon_sprint_mu [sprint_mu_entry_forest, sprint_mu_temple_rooms,
          sprint_mu_d1_horrors, sprint_mu_d2_genie, sprint_mu_d3_branching,
          sprint_mu_orc_legion, sprint_mu_elf_gauntlet, sprint_mu_hive_nellie,
          sprint_mu_lair_fedhas, sprint_mu_vaults_butterflies,
          sprint_mu_slime_circle, sprint_mu_swamp_cave, sprint_mu_shoals_kraken,
          sprint_mu_blade_basic, sprint_mu_crypt_lich, sprint_mu_tomb_spiral,
          sprint_mu_vestibule_basic, sprint_mu_gehenna_hellfire,
          sprint_mu_dis_giant, sprint_mu_tartarus_statrot,
          sprint_mu_cocytus_islands, sprint_mu_zot1]

Skill      XL: |  1  2  3  4  5 |
---------------+----------------+-----
Polearms       | 6 7 9 10 | 10.2
Shields        | 4 5 6 7 |  7.5
Fighting       | 4 6 |  6.9
Armour         | 3 4 |  4.7
Dodging        | 3 5 7 |  7.1

Action                   |  1- 3 |  4- 6 || total
-------------------------+-------+-------++-------
Melee: Trident           |    22 |    46 ||    68
       Tailslap          |     2 |     4 ||     6
  Use: Potion            |     2 |     2 ||     4
Armor: Scale mail        |     6 |     1 ||     7
Dodge: Dodged            |     2 |     7 ||     9
Block: Buckler           |     2 |     2 ||     4

Table legend: (Time is in decaauts)
 A = Elapsed time spent in this place.
 B = Non-inter-level travel time spent in this place.
 C = Inter-level travel time spent in this place.
 D = Time resting spent in this place.
 E = Time spent auto-exploring this place.
 F = Levels seen in this place.
 G = Mean time per level.
                   A        B        C        D        E       F      G
               +--------+--------+--------+--------+--------+-----+--------+
         Total |    669 |    669 |      0 |    486 |      0 |   1 |  669.0 |
       Dungeon |    669 |    669 |      0 |    486 |      0 |   1 |  669.0 |
               +--------+--------+--------+--------+--------+-----+--------+

Top non-repeatable levels by time:
       D: 669 daAuts
